Map: [ESL] Alcyone

Players

LiquidCure (Cure)

  • Race: Terran Terran
  • League: Master
  • Spawn Location: 7:00

DKZDark (Dark) - Winner!

  • Race: Zerg Zerg
  • League: Master
  • Spawn Location: 1:00

VOD

Have the link to the VOD?

Description

Time

  • Played on: Dec. 20, 2023, 9:12 a.m.
  • Length: 5:32
Show
View Real Time Build Order
Export as new Build Order

LiquidCure Terran 

Build Orders:  

Get SALT Encoding   

  12  0:00  SCV  
  13  0:12  SCV  
  14  0:17  Supply Depot  
  14  0:24  SCV  
  15  0:39  SCV  
  15  0:40  Barracks  
  15  0:42  Refinery  
  16  0:51  SCV  
  17  0:58  Barracks  
  17  1:03  SCV  
  18  1:15  SCV  
  19  1:18  Barracks  
  19  1:26  Reaper  
  20  1:34  Orbital Command  
  20  1:40  Refinery  
  20  1:46  Reaper  
  21  1:53  Supply Depot  
  21  2:00  SCV  
  22  2:02  Reaper  
  23  2:15  SCV, Reaper  
  25  2:20  Supply Depot  
  25  2:25  Reaper  
  25  2:27  SCV  
  27  2:38  Reaper  
  27  2:39  SCV  
  29  2:47  Reaper  
  30  2:51  SCV  
  31  3:03  Command Center  
  31  3:05  Reaper  
  32  3:07  SCV  
  33  3:15  Barracks Tech Lab, Factory  
  33  3:19  SCV  
  34  3:24  Supply Depot  
  34  3:31  SCV  
  35  3:37  Marine  
  35  3:38  Marine  
  35  3:40  Barracks Reactor  
  37  3:43  SCV  
  32  3:55  SCV  
  32  3:58  Marine  
  32  3:59  Barracks Reactor  
  32  4:01  Hellion  
  36  4:04  Starport  
  36  4:07  SCV  
  37  4:16  Orbital Command  
  37  4:20  SCV  
  38  4:26  Barracks Reactor  
  38  4:27  Engineering Bay  
  38  4:28  Marine  
  39  4:34  SCV  
  38  4:42  Marine  
  38  4:44  Hellion x2  
  33  4:52  Marine  
  31  5:06  Marine x3  
  27  5:10  Marine  
Show
View Real Time Build Order
Export as new Build Order

DKZDark Zerg - Winner!

Build Orders: Hatch First, Zergling Baneling 

Get SALT Encoding   

  12  0:00  Drone  
  13  0:12  Overlord  
  13  0:17  Drone  
  14  0:30  Drone x2  
  16  0:49  Hatchery  
  15  0:51  Drone  
  15  0:54  Drone  
  17  0:58  Drone  
  18  1:08  Extractor  
  17  1:13  Spawning Pool  
  17  1:16  Drone  
  17  1:19  Drone  
  18  1:28  Drone  
  19  1:40  Drone  
  20  1:49  Drone  
  21  2:00  Queen x2  
  26  2:01  Zergling x4  
  26  2:07  Metabolic Boost  
  27  2:12  Zergling x2  
  27  2:13  Overlord  
  28  2:32  Drone  
  28  2:33  Hatchery  
  28  2:41  Zergling x2  
  28  2:42  Zergling x2  
  30  2:48  Drone  
  30  2:50  Drone  
  34  2:56  Overlord  
  34  3:03  Zergling x4  
  36  3:11  Zergling x2, Baneling Nest  
  36  3:13  Overlord  
  36  3:17  Zergling x8  
  36  3:18  Zergling x2  
  39  3:21  Zergling x2  
  39  3:23  Zergling x2  
  41  3:32  Zergling x2  
  41  3:33  Zergling x4  
  44  3:41  Zergling x4  
  44  3:50  Zergling x12  
  47  3:57  Zergling x4  
  49  4:06  Baneling x6  
  49  4:07  Zergling x4  
  51  4:13  Baneling  
  51  4:19  Overlord  
  51  4:21  Baneling  
  45  4:33  Zergling x14  
  45  4:37  Baneling  
  48  4:39  Zergling x4  
  48  4:45  Baneling  
  49  4:50  Zergling x4  
  48  4:56  Baneling  
  48  4:57  Zergling x10  
  49  5:02  Baneling  
  49  5:03  Zergling x2  
  48  5:10  Zergling x2  
  48  5:11  Zergling x2  
  47  5:17  Baneling  
Tags
 
Matchup
TvZ
Player
CureDark
Replay Pack
December 2023
Spawn Locations
Cross Positions
Add a new tag
Caveats
  • Supply blocks, unpowered buildings, or Contaminate may cause inaccurate times.
  • Supply counts are checked every 10 seconds.